Map: [ESL] Inside and Out

Players

Lambo - Winner!

  • Race: Zerg Zerg
  • League: Grandmaster
  • Spawn Location: 1:00

HeroMarine

  • Race: Terran Terran
  • Spawn Location: 7:00

Event: TSL 9

VOD

Have the link to the VOD?

Description

Time

  • Played on: Aug. 5, 2022, 9:44 a.m.
  • Length: 13:21

All games in this series

Show
View Real Time Build Order
Export as new Build Order

Lambo Zerg - Winner!

Build Orders: Hatch First 

Get SALT Encoding   

  12  0:00  Drone  
  13  0:12  Overlord  
  13  0:17  Drone  
  14  0:30  Drone x2  
  16  0:47  Hatchery  
  15  0:51  Drone  
  15  0:54  Drone  
  17  0:57  Drone  
  18  1:08  Extractor  
  17  1:12  Spawning Pool  
  17  1:15  Drone  
  17  1:18  Drone  
  18  1:27  Drone  
  19  1:38  Drone  
  20  1:50  Drone  
  21  2:00  Zergling x2, Queen x2  
  21  2:01  Zergling x2  
  27  2:10  Drone  
  27  2:11  Overlord  
  28  2:22  Hatchery  
  28  2:24  Drone  
  28  2:30  Drone  
  28  2:32  Drone x2  
  28  2:37  Spore Crawler  
  29  2:42  Queen  
  29  2:44  Overlord  
  32  2:48  Metabolic Boost  
  32  2:52  Drone  
  32  2:56  Drone  
  32  2:57  Drone  
  35  3:05  Queen  
  35  3:07  Drone x2  
  35  3:10  Drone  
  40  3:13  Drone x2  
  40  3:14  Drone  
  43  3:22  Overlord  
  43  3:29  Overlord  
  43  3:36  Queen  
  43  3:40  Queen  
  47  3:41  Drone  
  47  3:44  Drone  
  47  3:45  Drone x3  
  47  3:48  Drone x2  
  53  3:49  Drone  
  53  3:50  Drone x2  
  53  3:52  Drone  
  53  3:53  Drone  
  59  3:56  Drone x2  
  59  4:00  Overlord  
  61  4:06  Overlord  
  61  4:07  Drone  
  62  4:10  Overlord  
  62  4:14  Overlord  
  62  4:18  Queen, Overlord  
  62  4:21  Overlord  
  62  4:23  Drone  
  65  4:25  Drone x2  
  65  4:28  Drone  
  65  4:29  Evolution Chamber  
  67  4:31  Evolution Chamber  
  67  4:35  Zergling x4  
  68  4:39  Drone  
  68  4:42  Drone  
  68  4:44  Drone  
  71  4:46  Queen, Extractor  
  71  4:49  Overlord  
  71  4:50  Drone x2  
  71  4:52  Drone  
  75  4:54  Drone  
  75  4:55  Drone x2  
  75  4:56  Hatchery  
  75  4:58  Zerg Melee Weapons Level 1  
  77  5:03  Zerg Ground Armor Level 1  
  77  5:04  Drone x3  
  80  5:09  Drone  
  80  5:10  Drone x3  
  80  5:13  Drone, Extractor  
  84  5:14  Baneling Nest  
  84  5:15  Queen, Extractor  
  84  5:20  Drone x2  
  86  5:23  Overlord  
  86  5:27  Zergling x8  
  86  5:28  Zergling x2, Spore Crawler  
  91  5:32  Lair  
  90  5:36  Zergling x10  
  95  5:45  Queen  
  95  5:46  Overlord x2  
  95  5:47  Overlord  
  97  5:54  Overlord  
  97  5:58  Overlord  
  97  6:02  Overlord  
  97  6:05  Drone x6  
  97  6:08  Zergling x6  
  97  6:09  Drone  
  97  6:11  Drone x2, Hatchery  
  106  6:12  Drone  
  109  6:18  Zergling x4  
  109  6:21  Zergling x4  
  114  6:25  Drone  
  114  6:26  Baneling x2  
  114  6:27  Baneling x5  
  114  6:30  Drone x2  
  114  6:32  Centrifugal Hooks  
  116  6:33  Zergling x12  
  116  6:37  Zergling x2  
  123  6:40  Zergling x2  
  123  6:44  Baneling  
  123  6:45  Zergling x12  
  127  6:55  Zergling x16  
  130  7:06  Drone  
  130  7:08  Zergling x2, Drone  
  132  7:09  Zergling x8  
  132  7:11  Hatchery  
  132  7:14  Baneling x6  
  132  7:15  Zergling x10  
  141  7:17  Baneling x3  
  141  7:19  Zerg Melee Weapons Level 2, Zerg Ground Armor Level 2  
  141  7:21  Zergling x2, Baneling x2  
  141  7:22  Zergling x10  
  147  7:24  Zergling x2  
  147  7:28  Queen  
  150  7:32  Zergling x6  
  150  7:33  Zergling x2  
  150  7:34  Baneling x4  
  154  7:38  Zergling x6  
  127  7:51  Zergling x26  
  127  7:56  Infestation Pit  
  127  7:58  Zergling x4  
  139  8:03  Baneling x12  
  139  8:04  Zergling x12  
  144  8:06  Drone x2  
  144  8:10  Queen  
  148  8:13  Drone x7  
  148  8:14  Spore Crawler  
  148  8:17  Spore Crawler  
  153  8:25  Zergling x16  
  159  8:27  Baneling x7  
  159  8:28  Overlord  
  159  8:29  Overlord  
  159  8:33  Hive  
  159  8:34  Overlord  
  159  8:35  Drone x3  
  159  8:36  Extractor  
  161  8:43  Drone x2, Overlord  
  162  8:49  Overlord  
  162  8:53  Overlord  
  148  8:57  Zergling x36  
  148  9:02  Zergling x10  
  161  9:06  Zergling x2  
  161  9:07  Zergling x8  
  161  9:11  Zergling x4  
  161  9:17  Zergling x18, Spore Crawler  
  170  9:20  Baneling x3  
  169  9:29  Zergling x18  
  172  9:36  Zergling x6  
  166  9:40  Zergling x2  
  166  9:41  Zergling x8  
  158  9:48  Zergling x20  
  158  9:50  Baneling x7  
  158  9:51  Baneling x9  
  158  9:52  Baneling x10, Pneumatized Carapace  
  164  9:53  Overseer  
  164  9:56  Zergling x10  
  169  10:00  Zergling x10  
  169  10:03  Drone  
  175  10:09  Zergling x6  
  175  10:11  Overlord  
  175  10:13  Zergling x8  
  142  10:23  Zergling x14  
  142  10:27  Zergling x8  
  141  10:29  Zerg Ground Armor Level 3, Zerg Melee Weapons Level 3  
  141  10:31  Zergling x6  
  141  10:33  Baneling x4  
  141  10:34  Drone x4  
  147  10:35  Extractor  
  147  10:38  Zergling x4  
  146  10:44  Zergling x14  
  146  10:46  Hatchery  
  147  10:53  Adrenal Glands  
  147  10:56  Zergling x20  
  156  11:05  Zergling x12, Ultralisk Cavern  
  156  11:07  Extractor  
  156  11:09  Overseer  
  156  11:11  Drone x3  
  162  11:13  Zergling x8  
  162  11:16  Zergling x8  
  162  11:17  Baneling  
  162  11:18  Baneling x6  
  171  11:23  Zergling x10  
  155  11:33  Zergling x16  
  152  11:40  Zergling x12  
  152  11:46  Zergling x14  
  164  11:50  Zergling x8  
  164  11:52  Chitinous Plating  
  164  11:53  Ultralisk  
  164  11:54  Ultralisk  
  180  12:03  Zergling x22  
  190  12:12  Overseer  
  190  12:14  Baneling x7  
  187  12:16  Zergling x26  
  187  12:22  Overseer  
  199  12:23  Baneling x10  
  199  12:24  Baneling x2  
  199  12:27  Zergling x4  
  199  12:35  Zergling x6  
  200  12:43  Zergling x14  
  200  12:44  Zergling x8  
  199  12:49  Zergling x20  
  178  12:58  Zergling x4  
  178  12:59  Zergling x26  
  178  13:01  Zergling x8  
Show
View Real Time Build Order
Export as new Build Order

HeroMarine Terran 

Build Orders: Reaper Expand 

Get SALT Encoding   

  12  0:00  SCV  
  13  0:12  SCV  
  14  0:16  Supply Depot  
  14  0:24  SCV  
  15  0:38  SCV  
  15  0:39  Barracks  
  16  0:43  Refinery  
  16  0:50  SCV  
  17  1:02  SCV  
  18  1:14  SCV  
  19  1:26  Reaper, Orbital Command  
  20  1:39  Command Center  
  20  1:48  Supply Depot  
  20  1:52  SCV  
  21  1:58  Marine  
  22  2:04  SCV  
  23  2:12  Factory  
  23  2:16  SCV  
  23  2:20  Barracks Reactor  
  24  2:28  SCV  
  25  2:40  SCV, Command Center  
  26  2:51  Orbital Command  
  26  2:52  SCV  
  27  3:04  Hellion x2, SCV  
  32  3:09  Barracks  
  32  3:10  Barracks Tech Lab  
  32  3:16  SCV  
  32  3:17  SCV  
  34  3:25  Hellion x2  
  38  3:28  SCV  
  38  3:29  SCV, Marine  
  38  3:33  Stimpack  
  41  3:41  SCV x2  
  42  3:42  Refinery  
  42  3:47  Marine  
  44  3:53  SCV x2, Orbital Command  
  46  3:57  Starport  
  46  4:02  Factory Reactor  
  46  4:05  SCV x2  
  46  4:07  Marine x3  
  46  4:08  Supply Depot  
  51  4:17  SCV  
  51  4:18  SCV  
  51  4:19  SCV  
  54  4:25  Marine x3  
  54  4:29  SCV  
  54  4:30  SCV  
  59  4:32  SCV  
  59  4:37  Barracks  
  60  4:41  Supply Depot, SCV  
  60  4:42  SCV  
  60  4:43  Marine x3  
  65  4:46  Supply Depot, Refinery, Factory Reactor  
  65  4:47  Refinery  
  65  4:48  Orbital Command  
  65  4:50  Medivac x2  
  69  4:57  Engineering Bay  
  69  4:59  Engineering Bay  
  69  5:02  Marine x3  
  69  5:03  SCV x2  
  74  5:14  SCV  
  74  5:15  SCV  
  74  5:19  SCV  
  74  5:20  Supply Depot, Marine x2  
  79  5:26  SCV  
  79  5:27  SCV  
  79  5:28  Terran Infantry Armor Level 1, Terran Infantry Weapons Level 1  
  81  5:30  Marine  
  81  5:31  SCV  
  81  5:34  Factory Tech Lab  
  83  5:38  Supply Depot, SCV, Marine  
  83  5:39  Supply Depot  
  83  5:41  SCV, Marine x3  
  88  5:43  SCV  
  88  5:47  Medivac x2  
  93  5:53  Supply Depot  
  93  5:59  SCV x3, Combat Shield, Marine x2  
  98  6:06  Marine x3  
  101  6:11  SCV x3  
  101  6:17  Marine x2  
  101  6:18  Siege Tank  
  109  6:19  Barracks  
  109  6:20  Barracks  
  109  6:22  Armory  
  109  6:23  SCV  
  109  6:25  SCV, Marine x2  
  111  6:27  SCV  
  114  6:35  SCV, Medivac  
  117  6:40  Supply Depot  
  117  6:41  Supply Depot  
  117  6:43  SCV, Medivac, Marine x3  
  117  6:44  SCV  
  117  6:46  Refinery  
  124  6:48  Refinery  
  124  6:53  Marine  
  125  6:59  SCV x3, Marine  
  122  7:03  Marine  
  122  7:04  Marine  
  122  7:05  Siege Tank, Marine  
  128  7:10  Marine  
  128  7:11  Barracks Reactor, SCV x2  
  128  7:13  Barracks Reactor  
  131  7:16  Supply Depot  
  131  7:17  Marine  
  131  7:19  Supply Depot, Command Center  
  131  7:21  Marine  
  133  7:25  Terran Infantry Armor Level 2, Terran Infantry Weapons Level 2  
  133  7:28  Marine x3  
  136  7:31  Factory  
  136  7:35  Marine  
  137  7:38  SCV x3  
  137  7:40  Marine  
  141  7:45  Marine  
  141  7:46  Marine x2  
  141  7:48  Marine x2  
  122  7:52  Marine  
  122  7:54  SCV x3  
  122  7:56  Marine x2  
  122  7:58  Marine  
  125  8:03  Marine x2  
  125  8:04  Marine  
  127  8:06  Marine x2  
  127  8:10  Marine  
  127  8:12  Supply Depot  
  130  8:13  Supply Depot, Terran Vehicle Weapons Level 1  
  130  8:14  Marine x2  
  130  8:16  Factory Reactor, Marine, Drilling Claws  
  130  8:18  Widow Mine  
  135  8:21  Marine x2  
  135  8:22  Marine  
  135  8:24  Marine x2  
  140  8:28  Marine  
  140  8:33  Marine x3  
  144  8:37  Sensor Tower  
  144  8:39  Marine x2  
  144  8:40  Marine  
  147  8:41  Siege Tank  
  147  8:42  Medivac x2, Marine  
  147  8:43  SCV  
  147  8:44  SCV  
  147  8:47  SCV, Marine x2  
  160  8:55  Marine x2  
  155  8:57  Marine x3  
  155  8:59  SCV x3  
  155  9:00  Marine x2  
  152  9:05  Marine  
  152  9:07  Marine  
  151  9:11  SCV  
  151  9:13  Marine x2  
  151  9:14  Supply Depot x2  
  151  9:15  Marine x2  
  151  9:16  Widow Mine x2  
  156  9:22  SCV x2, Medivac x2, Marine  
  156  9:23  Marine  
  164  9:32  SCV  
  164  9:35  Marine x7  
  164  9:36  SCV x2  
  172  9:40  Marine x2  
  172  9:44  SCV  
  158  9:48  SCV x2  
  158  9:52  Widow Mine x3  
  161  9:53  Marine x3  
  161  9:55  Marine  
  161  9:56  SCV  
  161  9:57  Barracks  
  161  9:58  Barracks x2  
  167  10:00  SCV x2  
  168  10:07  Marine  
  168  10:08  Marine x2  
  168  10:09  SCV  
  168  10:12  SCV  
  168  10:14  Widow Mine  
  160  10:16  SCV  
  160  10:18  Marine x2  
  160  10:19  Marine x3  
  160  10:21  SCV, Widow Mine, Marine  
  132  10:24  SCV  
  132  10:25  Marine x2  
  132  10:26  Marine  
  130  10:33  Widow Mine  
  132  10:36  Marine x2  
  132  10:37  Marine x3  
  132  10:38  SCV  
  132  10:39  SCV x2, Marine  
  139  10:43  Widow Mine  
  139  10:45  Medivac  
  139  10:48  Marine  
  138  10:50  SCV  
  138  10:51  SCV  
  138  10:53  Barracks Tech Lab x2  
  138  10:55  Widow Mine, Barracks Tech Lab  
  143  10:57  Marauder  
  147  11:04  Medivac, Widow Mine  
  147  11:05  Planetary Fortress  
  148  11:15  Marauder x2  
  148  11:16  Marauder  
  148  11:17  Concussive Shells  
  154  11:19  Marauder  
  152  11:28  Marine x2  
  140  11:33  Marine x2  
  140  11:34  Marine  
  140  11:35  SCV x2  
  140  11:36  Marauder x2  
  140  11:38  Marauder  
  142  11:41  Marauder  
  142  11:45  Marine  
  142  11:46  Marine  
  138  11:47  SCV, Widow Mine  
  138  11:52  Liberator x2  
  146  11:55  Supply Depot  
  146  11:56  Supply Depot  
  146  11:58  Marauder x2  
  146  11:59  Marine  
  146  12:00  Marine  
  152  12:01  Marine  
  152  12:02  Marine x2  
  152  12:04  Marine x3  
  152  12:05  Marine  
  158  12:09  Widow Mine, Marine  
  161  12:16  Sensor Tower  
  161  12:17  Widow Mine, Marine  
  161  12:18  Marine  
  161  12:19  Marine x2  
  161  12:20  Marauder  
  169  12:27  Marauder  
  171  12:30  Widow Mine  
  171  12:33  Marauder  
  171  12:35  Liberator x2  
  171  12:36  Supply Depot  
  177  12:37  Marauder  
  177  12:38  Supply Depot  
  177  12:43  Widow Mine, Marauder  
  156  12:52  Widow Mine, Marauder  
  149  13:00  Marauder  
  149  13:03  Marine  
Tags
 
Add a new tag
Caveats
  • Supply blocks, unpowered buildings, or Contaminate may cause inaccurate times.
  • Supply counts are checked every 10 seconds.